 Dungeon Crawl Stone Soup version 0.28.0-47-ge53b351184 (webtiles) character file.

Game seed: 11889016905483213435

1416 Allula97 the Twirler (level 8, -11/61 HPs)
             Began as a Demonspawn Gladiator on Apr 29, 2022.
             Was a Believer of Okawaru.
             Succumbed to a water moccasin's poison
             ... on level 6 of the Dungeon.
             The game lasted 00:13:17 (6635 turns).

Allula97 the Twirler (Demonspawn Gladiator)         Turns: 6635, Time: 00:13:18

Health: -11/61     AC: 10    Str: 17    XL:     8   Next: 43%
Magic:  4/10       EV: 11    Int: 10    God:    Okawaru [**....]
Gold:   201        SH:  0    Dex: 14    Spells: 7/7 levels left

rFire   + . .      SeeInvis .   a - +0 quarterstaff
rCold   . . .      Faith    .   (shield currently unavailable)
rNeg    . . .      Spirit   +   k - +0 scale mail
rPois   .          Reflect  .   c - +0 helmet
rElec   .          Harm     .   m - +0 cloak
rCorr   .          Rampage  .   q - +0 pair of gloves
Will    .....                   (no boots)
Stlth   ..........              (no amulet)
HPRegen 0.20/turn               u - ring of flight
MPRegen 0.24/turn               v - ring of protection from fire

@: lethally poisoned (-11 -> -70), flying
A: powered by pain 2, magic shield, magic regeneration
a: Renounce Religion, Heroism


You were on level 6 of the Dungeon.
You worshipped Okawaru.
Okawaru was pleased with you.
You visited 2 branches of the dungeon, and saw 7 of its levels.

You collected 201 gold pieces.

Inventory:

Hand Weapons
 a - a +0 quarterstaff (weapon)
 f - the +4 spear of Blood-Lust {freeze, rElec rF++ rN+ Str-5}
   (You took it off an orc on level 5 of the Dungeon)

   It freezes those it strikes, dealing additional cold damage.
   It can also slow down cold-blooded creatures.
   Str:       It affects your strength (-5).
   rF:        It greatly protects you from fire.
   rElec:     It insulates you from electricity.
   rN:        It protects you from negative energy.
 n - a +2 vampiric whip
 x - a +3 trident
Missiles
 d - 3 throwing nets (quivered)
 j - 4 poisoned darts
Armour
 c - a +0 helmet (worn)
 i - a +0 hat
 k - a +0 scale mail (worn)
 m - a +0 cloak (worn)
 q - a +0 pair of gloves (worn)
Jewellery
 u - a ring of flight (left hand)
 v - a ring of protection from fire (right hand)
Wands
 o - a wand of mindburst (9)
Scrolls
 b - a scroll of magic mapping
 e - a scroll of enchant armour
 g - a scroll of fear
 h - 5 scrolls of teleportation
 l - a scroll of blinking
Potions
 t - 2 potions of ambrosia


   Skills:
 * Level 4.6 Fighting
 + Level 1.0(4.4) Polearms
 * Level 6.8(6.9) Staves
 + Level 1.8 Throwing
 * Level 3.8 Armour
 * Level 4.0 Dodging
 + Level 1.0 Stealth
 * Level 3.3 Invocations


You had 7 spell levels left.
You didn't know any spells.
Your spell library contained the following spells:

 Spells                   Type           Power      Damage    Failure   Level
 Portal Projectile        Hex/Tloc       0%         N/A       98%         3
 Blade Hands              Tmut           0%         N/A       100%        5
 Excruciating Wounds      Necr           0%         N/A       100%        5


Dungeon Overview and Level Annotations

Branches:
Dungeon (6/15)             Temple (1/1) D:4

Altars:
Ashenzari
Cheibriados
Dithmenos
Elyvilon
Fedhas
Gozag
Kikubaaqudgha
Nemelex Xobeh
Okawaru
Qazlal
Trog
Uskayaw
Vehumet
Wu Jian
Xom
Zin


Innate Abilities, Weirdness & Mutations

You sometimes gain power by taking damage.
When hurt, damage is shared between your health and your magic reserves.
You regenerate magic rapidly.


Message History

You miss the water moccasin.
The water moccasin is lightly wounded.
You feel very sick. The water moccasin barely misses you.
The water moccasin completely misses you.
You hit the water moccasin.
The water moccasin is moderately wounded.
You feel very sick. The water moccasin misses you.
You hit the water moccasin.
The water moccasin is heavily wounded.
You feel very sick. The water moccasin closely misses you.
You sock the water moccasin!
The water moccasin is almost dead.
You feel sick. The water moccasin bites you.
You are lethally poisoned!
The water moccasin poisons you! The water moccasin bites you.
* * * LOW HITPOINT WARNING * * *
You are more poisoned.
The water moccasin poisons you!
You miss the water moccasin.
The water moccasin is almost dead.
* * * LOW HITPOINT WARNING * * *
You feel extremely sick.
The water moccasin bites you but does no damage.
You hit the water moccasin but do no damage.
The water moccasin is almost dead.
* * * LOW HITPOINT WARNING * * *
You feel very sick. The water moccasin bites you.
* * * LOW HITPOINT WARNING * * *
You are more poisoned.
The water moccasin poisons you! The water moccasin bites you.
* * * LOW HITPOINT WARNING * * *
You are more poisoned.
The water moccasin poisons you!
You closely miss the water moccasin.
The water moccasin is almost dead.
You die...

#.##..##.#.##. #
#..##......
#..#####.#.
#######+##..#
#...
#...........#
##..
#!..........# #..
..#.#...........#
#..
........###.##..#
#.. ..#.###@#
#.##..# #.. #.
#S# #.##..# ##. #
#.# #.##..# #.
#.# #.##..# #.
... ... ..# #.
... ## ... #
..... # #


You could see a water moccasin.

Vanquished Creatures
  A yak (D:5)
  An ice beast (D:3)
  A sky beast (D:6)
  A centaur (D:5)
  A bullfrog (D:5)
  4 scorpions
  A howler monkey (D:5)
  A bullfrog zombie (D:5)
  2 hounds (D:5)
  A jelly (D:6)
  An orc priest (D:4)
  A gnoll shaman (D:5)
  5 orc wizards
  3 iguanas
  13 gnolls
  3 adders
  A white imp (D:5)
  2 worms
  3 dart slugs
  24 orcs
  6 bats
  5 endoplasms
  5 giant cockroaches
  3 goblins
  7 hobgoblins
  3 jackals (D:3)
  9 kobolds
  2 quokkas
  6 ball pythons
  3 frilled lizards
  6 rats
125 creatures vanquished.

Vanquished Creatures (others)
  4 toadstools (D:1)
4 creatures vanquished.

Grand Total: 129 creatures vanquished

Notes
Turn   | Place    | Note
-------+----------+-------------------------------------------
     0 | D:1      | Allula97 the Demonspawn Gladiator began the quest for the
                  | Orb.
     0 | D:1      | Reached XP level 1. HP: 16/16 MP: 1/1
   274 | D:1      | Gained mutation: You regenerate magic rapidly. [demonic
                  | ancestry]
   274 | D:1      | Reached XP level 2. HP: 22/22 MP: 2/2
   324 | D:1      | Reached skill level 3 in Staves
   485 | D:1      | Found a faded altar of an unknown god.
   952 | D:1      | Gained mutation: When hurt, damage is shared between your
                  | health and your magic reserves. [demonic ancestry]
   952 | D:1      | Reached XP level 3. HP: 27/27 MP: 3/3
  2107 | D:4      | Found a staircase to the Ecumenical Temple.
  2114 | Temple   | Entered the Ecumenical Temple
  2120 | Temple   | Gained mutation: You sometimes gain a little power by
                  | taking damage. [demonic ancestry]
  2120 | Temple   | Reached XP level 4. HP: 31/34 MP: 4/4
  2243 | Temple   | Became a worshipper of Warmaster Okawaru
  2364 | D:4      | Reached skill level 4 in Staves
  2382 | D:4      | Reached XP level 5. HP: 28/39 MP: 5/5
  2561 | D:3      | Noticed an ice beast
  2589 | D:3      | Killed an ice beast
  2589 | D:3      | Reached * piety under Okawaru
  2590 | D:3      | Reached skill level 1 in Polearms
  2590 | D:3      | Reached skill level 1 in Armour
  2724 | D:3      | Gained mutation: You sometimes gain power by taking damage.
                  | [demonic ancestry]
  2724 | D:3      | Reached XP level 6. HP: 15/46 MP: 4/6
  3542 | D:4      | Reached skill level 5 in Staves
  3646 | D:4      | Reached skill level 1 in Invocations
  4310 | D:5      | Entered Level 5 of the Dungeon
  4491 | D:5      | Reached XP level 7. HP: 20/52 MP: 4/8
  4837 | D:5      | Reached skill level 1 in Stealth
  5121 | D:5      | Reached skill level 6 in Staves
  5128 | D:5      | Reached ** piety under Okawaru
  5442 | D:5      | Identified the +4 spear of Blood-Lust {freeze, rElec rF++
                  | rN+ Str-5}
  5469 | D:5      | Reached XP level 8. HP: 38/60 MP: 8/10
  5509 | D:5      | HP: 3/60 [yak (4)]
  6634 | D:6      | HP: 3/61 [poisoned by a water moccasin]
  6634 | D:6      | HP: 1/61 [water moccasin (1)]
  6635 | D:6      | Succumbed to a water moccasin's poison

Illustrated notes

Levels and vault maps discovered:
D:1:      ldierk_walled_garden_2, layout_loops_ring,
          shapermc_ecumenical_altar_totnotflames
D:2:      layout_loops_corners
D:3:      layout_rooms
D:4:      layout_rooms, minmay_temple_entry_wispy, hangedman_decor_opposing
D:5:      minmay_octagon_keep, layout_rooms
D:6:      layout_basic, gammafunk_temple_overflow_statue,
          hellmonk_bongcloud_opening
Temple:   eino_temple_scatter_basement

Skill      XL: |  1  2  3  4  5  6  7  8 |
---------------+-------------------------+-----
Staves         | 3 4 5 6 |  6.8
Dodging        | 3 4 |  4.0
Polearms       | 1 |  1.0
Armour         | 1 2 3 |  3.8
Fighting       | 3 4 |  4.6
Invocations    | 1 2 3 |  3.3
Stealth        | 1 |  1.0
Throwing       | |  1.8

Action                   |  1- 3 |  4- 6 |  7- 9 || total
-------------------------+-------+-------+-------++-------
Melee: Quarterstaff      |   103 |   232 |   225 ||   560
Invok: Heroism           |       |       |     2 ||     2
  Use: Potion            |       |     6 |     2 ||     8
       Scroll            |       |     5 |     6 ||    11
 Stab: Sleeping          |     1 |       |       ||     1
Armor: Leather armour    |    25 |       |       ||    25
       Scale mail        |    15 |    92 |   110 ||   217
       Skin              |       |    19 |       ||    19
Dodge: Dodged            |    71 |   139 |   139 ||   349
